 Dungeon Crawl Stone Soup version 0.20.1-1-g8b1a95d (webtiles) character file.

37193 Irenicus the Fencer (level 13, -2/88 HPs)
             Began as a Tengu Chaos Knight on Oct 7, 2017.
             Slain by a death ooze (16 damage)
             ... on level 3 of the Abyss on Oct 8, 2017.
             The game lasted 01:10:38 (14300 turns).

Irenicus the Fencer (Tengu Chaos Knight)           Turns: 14300, Time: 01:10:39

Health: -2/88      AC: 19    Str: 17    XL:     13   Next: 95%
Magic:  0/14       EV: 14    Int: 12    God:    Xom [......]
Gold:   1236       SH:  0    Dex: 21    Spells: 12/12 levels left

rFire    + + .     SeeInvis +   b - +4 triple sword (chaos)
rCold    + + +     Gourm    .   (shield currently unavailable)
rNeg     . . .     Faith    .   H - +8 scale mail of Soebog {rC+++ Regen+ Str+5 Int-3}
rPois    +         Spirit   +   (helmet restricted)
rElec    .         Reflect  .   q - scarf {Spirit}
rCorr    .         Harm     .   (no gloves)
MR       .....     Clarity  +   (boots unavailable)
Stlth    ..........             W - amulet of regeneration
Regen    1.1/turn               Y - ring of protection from fire
MPRegen  0.2/turn               U - ring of wizardry

@: about to teleport
A: beak, horns 2, talons 3, icy blue scales 1, see invisible, agile 1, blink,
clarity, clever 1, fire resistance 1, poison resistance, robust 1, screaming 1,
shaggy fur 1, wild magic 2, able to fly 1
a: Fly, Blink, Renounce Religion


You were on level 3 of the Abyss.
You worshipped Xom.
You were a very special plaything of Xom.
You were very hungry.

You visited 2 branches of the dungeon, and saw 18 of its levels.
You visited the Abyss 1 time.
You also visited: Sewer and Ossuary.

You collected 1236 gold pieces.

Inventory:

Hand Weapons
 a - a +1 scimitar of flaming
 b - a +4 triple sword of chaos (weapon)
Armour
 q - a scarf of spirit shield (worn)
 H - the +8 scale mail of Soebog (worn) {rC+++ Regen+ Str+5 Int-3}
   (Xom gifted it to you on level 5 of the Dungeon)

   It affects your strength (+5).
   It affects your intelligence (-3).
   It renders you almost immune to cold.
   It increases your rate of regeneration.
Jewellery
 i - an uncursed amulet of guardian spirit
 A - an uncursed ring of poison resistance
 U - a ring of wizardry (right hand)
 W - an amulet of regeneration (around neck)
 Y - a ring of protection from fire (left hand)
Wands
 p - a wand of paralysis (3/24)
 s - a wand of disintegration (7/24)
 w - a wand of confusion (11/48)
 x - a wand of random effects (8/48)
 B - a wand of scattershot (4/9)
 D - a wand of paralysis (14/24)
 E - a wand of disintegration (16/24)
 G - a wand of digging (14/24)
 I - a wand of disintegration (12/24)
 N - a wand of polymorph (14/24)
 O - a wand of iceblast (1/15)
 S - a wand of polymorph (16/24)
 X - a wand of clouds (4/9)
Scrolls
 g - 7 scrolls of teleportation
 h - 5 scrolls of recharging
 k - 2 scrolls of blinking
 l - 3 scrolls of identify
 o - 4 scrolls of magic mapping
 r - a scroll of fog
 t - 7 scrolls of remove curse
 y - 3 scrolls of enchant armour
 M - 4 scrolls of amnesia
 Q - a scroll of summoning
 R - a scroll of fear
Potions
 d - a potion of curing
 e - 3 potions of flight
 j - 4 potions of magic
 m - 3 potions of brilliance
 n - a potion of heal wounds
 u - 3 potions of agility
 C - 2 potions of lignification
 J - a potion of resistance
 K - a potion of might {unknown}
 L - 4 potions of haste
 P - 2 potions of ambrosia
 T - a potion of berserk rage
 Z - 2 potions of invisibility
Books
 v - a book of Callings

   Spells                             Type                      Level
   a - Summon Small Mammal            Summoning                    1
   b - Call Imp                       Summoning                    2
   c - Call Canine Familiar           Summoning                    3
   d - Summon Guardian Golem          Hexes/Summoning              3
   e - Summon Lightning Spire         Summoning/Air                4
   f - Summon Ice Beast               Ice/Summoning                4
Miscellaneous
 V - a box of beasts
Comestibles
 c - 13 bread rations
 f - 13 fruits
 z - 9 meat rations
 F - 6 royal jellies


   Skills:
 - Level 9.4 Fighting
 - Level 20.0 Long Blades
 + Level 8.6 Armour
 - Level 6.0 Dodging
 - Level 1.0 Evocations


You had 12 spell levels left.
You didn't know any spells.

Dungeon Overview and Level Annotations

Branches:
Dungeon (12/15)            Temple (0/1) D:4            Lair (6/6) D:8
  Swamp (0/4) Lair:4        Snake (0/4) Lair:4        Slime (0/5) Lair:5
    Orc (0/2) D:11

Altars:
Cheibriados
Dithmenos
Elyvilon
Gozag
Kikubaaqudgha
Xom
Yredelemnul

Shops:
D:11 (

Annotations:
D:12 Frances
Lair:3 exclusion: oklob plant
Lair:5 exclusion: 4 oklob plants


Innate Abilities, Weirdness & Mutations

You have a beak for a mouth.
You have claws for feet.
You can fly.
You have a pair of horns on your head.
You are partially covered in icy blue scales. (AC +2)
You have supernaturally acute eyesight. (SInv)
You are agile. (Dex +2)
You can translocate small distances at will.
You possess an exceptional clarity of mind.
Your mind is acute. (Int +2)
Your flesh is heat resistant. (rF+)
Your system is resistant to poisons. (rPois)
You are robust. (+10% HP)
You occasionally shout uncontrollably at your foes.
You are covered in fur. (AC +1)
Your spells are harder to cast, but more powerful.


Message History

You hear a deafening roar!
You hear a trumpeting!
You hear a bellow!
You hear a screech!
A deafening chorus of shrieks assaults your mind!
* * * LOW HITPOINT WARNING * * *
The death ooze hits you but does no damage. x2
Okay, then.
A deafening chorus of shrieks assaults your mind!
* * * LOW HITPOINT WARNING * * *
You feel much better.
A deafening chorus of shrieks assaults your mind!
* * * LOW HITPOINT WARNING * * *
The death ooze hits you but does no damage.
The death ooze hits you!
* * * LOW HITPOINT WARNING * * *
You feel much better.
A deafening chorus of shrieks assaults your mind!
* * * LOW HITPOINT WARNING * * *
The death ooze hits you!
You die...
Xom snickers!

##.#.. ##. X# .##
#..#/..##.
#..#..#
#...######.##...#
##.X......##.. ##
##....###.X....#
##.X####...##.
#.XX.##..#..###
#####XJ....#.#
#.#@##...#
####........ ..
#........ ##
..####...## ##
#..#.#. # ##.. .
## .#


You could see 6 starcursed masses and a death ooze.

Vanquished Creatures
  A minotaur (Lair:4)
  4 hydras
  A catoblepas (Lair:2)
  Erica (D:8)
  3 death yaks (D:8)
  A centaur warrior (D:11)
  A two-headed ogre (D:8)
  A skeletal warrior (D:11)
  The ghost of Frank the Slasher, a novice OpFi of Gozag (D:7)
  An unseen horror (D:10)
  Joseph (D:7)
  10 elephants
  13 spiny frogs
  A black mamba (Lair:5)
  The ghost of appiemonkey the Destroyer, a novice DEAE of Vehumet (D:5)
  Maurice (D:8)
  Psyche (D:8)
  A freezing wraith (D:11)
  4 rime drakes
  3 komodo dragons (Lair:5)
  A large abomination (Abyss:3)
  3 hippogriffs
  A hornet (D:12)
  4 blink frogs
  5 slime creatures (D:12)
  A wyvern (D:11)
  14 yaks
  Eustachio (D:4)
  Grum (D:11)
  A warg (D:11)
  3 nagas (Lair:4)
  An acid dragon (D:12)
  7 water moccasins
  4 sky beasts
  3 porcupines
  A hornet zombie (D:7)
  2 ice beasts
  An eye of draining (Lair:3)
  A slave (D:7)
  3 black bears
  3 orc warriors
  3 phantoms
  5 ogres
  A boggart (D:3)
  14 centaurs
  11 crocodiles
  17 wolves
  Blork the orc (D:4)
  3 big kobolds
  3 elf zombies (Ossuary)
  10 bullfrogs
  3 scorpions
  A wyvern skeleton (D:10)
  A water moccasin skeleton (D:11)
  12 wights
  3 killer bees (D:7)
  A howler monkey (D:5)
  2 crimson imps
  2 bullfrog zombies
  A bullfrog skeleton (D:11)
  5 jellies
  4 hounds
  10 orc priests
  2 centaur skeletons
  14 orc wizards
  Ijyb (D:4)
  Terence (D:2)
  5 iguanas
  7 worker ants
  2 hell rats (D:8)
  A killer bee zombie (D:9)
  3 big kobold zombies (Ossuary)
  A hound skeleton (D:7)
  5 mummies
  2 worker ant zombies
  2 gnolls (D:3)
  9 adders
  A river rat (Sewer)
  An adder skeleton (D:6)
  2 worms
  A dart slug (D:10)
  8 leopard geckos
  48 orcs
  8 bats
  9 giant cockroaches
  A gnoll zombie (Ossuary)
  12 goblins
  6 hobgoblins
  11 jackals
  12 kobolds
  7 quokkas
  3 ball pythons
  6 frilled lizards
  A frilled lizard (shapeshifter) (D:7)
  A goblin zombie (Ossuary)
  A hobgoblin zombie (Ossuary)
  An orc zombie (Ossuary)
  A quokka zombie (D:8)
  8 rats
  2 rat zombies (Ossuary)
431 creatures vanquished.

Vanquished Creatures (collateral kills)
  A centaur warrior (D:11)
  The ghost of wnhky the Covert, a journeyman SpEn of Fedhas (D:11)
  3 elephants (Lair:5)
  A warg (D:11)
  An ice beast (D:10)
  An iguana (D:11)
  An orc wizard (D:11)
  3 orcs (D:11)
12 creatures vanquished.

Vanquished Creatures (others)
  An orc wizard (D:3)
  A worker ant (D:7)
  A leopard gecko (D:7)
  An orc (D:11)
  A spectral orc (D:6)
  2 fungi
  4 plants
11 creatures vanquished.

Grand Total: 454 creatures vanquished

Notes
Turn   | Place    | Note
-------+----------+-------------------------------------------
     0 | D:1      | Irenicus the Tengu Chaos Knight began the quest for the Orb.
     0 | D:1      | Reached XP level 1. HP: 14/14 MP: 2/2
   254 | D:1      | XOM: butterfly on damage
   330 | D:1      | Reached XP level 2. HP: 11/19 MP: 3/3
   564 | D:1      | XOM: divination: detect creatures
   688 | D:1      | XOM: divination: magic mapping
   905 | D:2      | Reached skill level 4 in Long Blades
   957 | D:2      | Reached XP level 3. HP: 21/23 MP: 4/4
   995 | D:2      | Noticed Terence
   995 | D:2      | XOM: harmless Fire miscast
  1003 | D:2      | XOM: god gift: long sword {god gift}
  1196 | D:2      | Killed Terence
  1196 | D:2      | Reached skill level 5 in Long Blades
  1196 | D:2      | Reached XP level 4. HP: 17/28 MP: 3/5
  1513 | D:2      | XOM: scenery: 1 doors close
  1622 | D:3      | XOM: smoke on damage
  1629 | D:3      | Found a shadowy altar of Dithmenos.
  1689 | D:3      | Noticed a phantom
  1701 | D:3      | Killed a phantom
  1701 | D:3      | Reached skill level 6 in Long Blades
  1701 | D:3      | Gained mutation: You can fly. [Tengu growth]
  1701 | D:3      | Reached XP level 5. HP: 30/32 MP: 4/6
  1816 | D:3      | Noticed a boggart
  1816 | D:3      | a worm changed into a boggart
  1816 | D:3      | XOM: polymorph worm -> boggart
  1818 | D:3      | Killed a boggart
  1818 | D:3      | Reached skill level 7 in Long Blades
  1818 | D:3      | Reached XP level 6. HP: 17/37 MP: 7/7
  1889 | D:3      | XOM: god gift: wand of random effects (?/48) {god gift}
  1909 | D:3      | XOM: 1-stop teleportation journey
  2247 | D:3      | XOM: cloud trail
  2360 | D:4      | Noticed Ijyb
  2368 | D:4      | Killed Ijyb
  2405 | D:4      | XOM: scenery: create altars
  2417 | D:4      | Reached skill level 8 in Long Blades
  2452 | D:4      | Reached XP level 7. HP: 32/41 MP: 6/8
  2581 | D:4      | Found a staircase to the Ecumenical Temple.
  2659 | D:4      | Found a glowing drain.
  2663 | Sewer    | Entered a sewer
  2714 | Sewer    | XOM: god gift: wand of scattershot (?/9) {god gift}
  2756 | Sewer    | Found a white marble altar of Elyvilon.
  2903 | D:4      | XOM: polymorph orc -> quokka
  3080 | D:4      | XOM: god gift: wand of scattershot (?/9) {god gift}
  3084 | D:4      | Noticed Blork the orc
  3092 | D:4      | Killed Blork the orc
  3092 | D:4      | Reached skill level 9 in Long Blades
  3104 | D:4      | XOM: god gift: wand of paralysis (?/24) {god gift}
  3150 | D:4      | Noticed Eustachio
  3169 | D:4      | Killed Eustachio
  3304 | D:5      | Entered Level 5 of the Dungeon
  3351 | D:5      | Reached skill level 1 in Evocations
  3428 | D:5      | Reached skill level 10 in Long Blades
  3428 | D:5      | Reached XP level 8. HP: 26/46 MP: 2/9
  3449 | D:5      | XOM: scenery: 1 doors close
  3499 | D:5      | Noticed appiemonkey's ghost (novice DEAE)
  3576 | D:5      | Found a snail-covered altar of Cheibriados.
  3594 | D:5      | XOM: cast spell 'Summon Mana Viper'
  3611 | D:5      | Killed appiemonkey's ghost
  3611 | D:5      | Reached skill level 11 in Long Blades
  3866 | D:5      | XOM: 1-stop teleportation journey
  4119 | D:5      | XOM: god gift: slimy scale mail {god gift}
  4120 | D:5      | Got a slimy scale mail {god gift}
  4131 | D:5      | Identified the +8 scale mail of Soebog {rC+++ Regen+ Str+5 Int-3} (Xom gifted it to you on level 5 of the Dungeon)
  4363 | D:5      | XOM: butterfly on damage
  4446 | D:6      | Found a shimmering altar of Xom.
  4448 | D:6      | Found a shimmering altar of Xom.
  4448 | D:6      | Found a shimmering altar of Xom.
  4448 | D:6      | Found a shimmering altar of Xom.
  4457 | D:6      | Found a shimmering altar of Xom.
  4469 | D:6      | Found a shimmering altar of Xom.
  4470 | D:6      | XOM: cleaving
  4506 | D:6      | Reached skill level 12 in Long Blades
  4509 | D:6      | Reached XP level 9. HP: 50/51 MP: 8/10
  4526 | D:6      | XOM: medium Tloc miscast
  4534 | D:6      | Found a basalt altar of Yredelemnul.
  4682 | D:6      | XOM: fake destruction
  4726 | D:6      | Found an ancient bone altar of Kikubaaqudgha.
  4934 | D:6      | XOM: god gift: 17 arrows
  4947 | D:6      | XOM: god gift: 56 gold pieces
  4966 | D:7      | Reached skill level 13 in Long Blades
  5097 | D:7      | Noticed Frank's ghost (novice OpFi)
  5099 | D:7      | XOM: summons friendly quasit
  5100 | D:7      | XOM: summons friendly white imp
  5102 | D:7      | XOM: enchant monster (good)
  5113 | D:7      | Killed Frank's ghost
  5123 | D:7      | Noticed Pikel
  5132 | D:7      | XOM: harmless Pois miscast
  5159 | D:7      | Noticed Pikel
  5159 | D:7      | Pikel changed into Pikel the spiny frog
  5165 | D:7      | Killed Pikel the spiny frog
  5165 | D:7      | Reached skill level 14 in Long Blades
  5202 | D:7      | XOM: noise
  5311 | D:7      | XOM: blink monster(s)
  5328 | D:7      | Got an ichor-stained trident
  5329 | D:7      | Identified the +7 trident "Juirreull" {pain, rF+ rN+} (You found it on level 7 of the Dungeon)
  5340 | D:7      | Reached XP level 10. HP: 55/56 MP: 9/11
  5404 | D:7      | XOM: polymorph orc -> frilled lizard
  5456 | D:7      | XOM: noise
  5569 | D:7      | XOM: 6-stop teleportation journey
  5570 | D:7      | Noticed Joseph
  5617 | D:7      | Killed Joseph
  5641 | D:7      | Found an opulent altar of Gozag.
  5864 | D:7      | XOM: medium Erth miscast
  6047 | D:8      | Found a sand-covered staircase.
  6056 | Ossuary  | Entered an ossuary
  6064 | Ossuary  | Reached skill level 15 in Long Blades
  6309 | D:8      | Noticed a two-headed ogre
  6318 | D:8      | Killed a two-headed ogre
  6334 | D:8      | XOM: harmless Necr miscast
  6358 | D:8      | Noticed a death yak
  6361 | D:8      | Noticed a death yak
  6361 | D:8      | Noticed Erica
  6362 | D:8      | Noticed Psyche
  6365 | D:8      | Noticed a death yak
  6366 | D:8      | XOM: potion effect (agility)
  6374 | D:8      | Killed a death yak
  6374 | D:8      | XOM: fog
  6384 | D:8      | XOM: cleaving
  6385 | D:8      | Killed Erica
  6385 | D:8      | Reached skill level 5 in Fighting
  6385 | D:8      | Reached skill level 16 in Long Blades
  6395 | D:8      | XOM: confuse monster(s)
  6407 | D:8      | Found a staircase to the Lair.
  6408 | D:8      | XOM: confuse monster(s)
  6409 | D:8      | Killed a death yak
  6409 | D:8      | Reached XP level 11. HP: 64/64 MP: 12/12
  6418 | D:8      | XOM: summons 2 friendly demons
  6446 | D:8      | Killed a death yak
  6478 | D:8      | Killed Psyche
  6479 | D:8      | Found an ancient bone altar of Kikubaaqudgha.
  6536 | D:8      | XOM: medium Tmut miscast
  6702 | D:8      | Noticed Maurice
  6747 | D:8      | Killed Maurice
  7183 | D:9      | You fall through a shaft for 2 floors!
  7183 | D:11     | Found Qewkass's Weapon Shop.
  7183 | D:11     | Noticed Grum
  7201 | D:11     | XOM: swap monsters
  7208 | D:11     | XOM: enchant monster (bad)
  7209 | D:11     | Killed Grum
  7300 | D:11     | Noticed a centaur warrior
  7310 | D:11     | Killed a centaur warrior
  7319 | D:11     | XOM: mild Pois miscast
  7380 | D:11     | Found a staircase to the Orcish Mines.
  7381 | D:11     | Noticed a centaur warrior
  7387 | D:11     | XOM: confuse monster(s)
  7398 | D:11     | XOM: cast spell 'Summon Hydra'
  7400 | D:11     | Killed a centaur warrior
  7400 | D:11     | Reached skill level 5 in Dodging
  7413 | D:11     | Noticed wnhky's ghost (journeyman SpEn)
  7416 | D:11     | XOM: divination: magic mapping
  7460 | D:11     | XOM: summons friendly shadow imp
  7478 | D:11     | Killed wnhky's ghost
  7564 | D:10     | XOM: noise
  7564 | D:10     | Entered Level 10 of the Dungeon
  7800 | D:9      | XOM: god gift: glowing triple sword {god gift}
  7938 | D:9      | XOM: summons friendly quasit
  7958 | D:9      | Gained mutation: You are partially covered in icy blue scales. (AC +2) [mutagenic meat]
  7959 | D:9      | Gained mutation: You are robust. (+10% HP) [mutagenic meat]
  7960 | D:9      | Gained mutation: You have supernaturally acute eyesight. (SInv) [mutagenic meat]
  7961 | D:9      | Lost mutation: You are robust. (+10% HP) [mutagenic meat]
  7978 | D:9      | XOM: god gift: wand of paralysis (?/24) {god gift}
  8162 | D:9      | XOM: divination: detect items
  8216 | D:10     | XOM: polymorph jackal -> dart slug
  8288 | D:10     | XOM: cloud trail
  8321 | D:10     | Paralysed by you for 3 turns
  8372 | D:10     | Noticed an unseen horror
  8376 | D:10     | Killed an unseen horror
  8379 | D:10     | XOM: scenery: create altars
  8387 | D:10     | Reached XP level 12. HP: 75/76 MP: 13/13
  8530 | D:10     | Gained mutation: You do not regenerate when monsters are visible. [mutagenic meat]
  8531 | D:10     | Gained mutation: You are clumsy. (Dex -2) [mutagenic meat]
  8532 | D:10     | Gained mutation: You have a pair of small horns on your head. [mutagenic meat]
  8533 | D:10     | Gained mutation: You are partially covered in rugged brown scales. (AC +1, +3% HP) [mutagenic meat]
  8535 | D:10     | Gained mutation: You evolve. [mutagenic meat]
  8583 | D:10     | XOM: 6-stop teleportation journey
  8898 | D:10     | XOM: give mutations
  8898 | D:10     | Gained mutation: Your spells are a little harder to cast, but a little more powerful. [Xom's grace]
  8898 | D:10     | Gained mutation: Your spells are harder to cast, but more powerful. [Xom's grace]
  8898 | D:10     | Gained mutation: Your mind is acute. (Int +2) [Xom's grace]
  8898 | D:10     | Gained mutation: You can translocate small distances at will. [Xom's grace]
  8924 | D:10     | XOM: cast spell 'Necromutation'
  9698 | D:11     | XOM: god gift: 16 stones
  9785 | D:12     | XOM: potion effect (might)
  9789 | D:12     | Reached skill level 17 in Long Blades
  9882 | D:12     | XOM: fog
  9884 | D:12     | Gained mutation: Your system is resistant to poisons. (rPois) [evolution]
  9884 | D:12     | Lost mutation: You evolve. [end of evolution]
  9889 | D:12     | XOM: divine lightning
  9957 | D:12     | XOM: cast spell 'Leda's Liquefaction'
  9964 | D:12     | Noticed a death knight
 10088 | D:12     | XOM: cast spell 'Death Channel'
 10111 | D:11     | XOM: mild Hex miscast
 10140 | D:12     | Noticed Frances
 10140 | D:12     | XOM: enchant monster (bad)
 10176 | D:10     | XOM: give mutations
 10176 | D:10     | Gained mutation: Your flesh is heat resistant. (rF+) [Xom's grace]
 10176 | D:10     | Lost mutation: You are clumsy. (Dex -2) [Xom's grace]
 10222 | Lair:1   | Entered Level 1 of the Lair of Beasts
 10391 | Lair:1   | XOM: medium Erth miscast
 10581 | Lair:1   | Reached skill level 18 in Long Blades
 10931 | Lair:1   | XOM: harmless Fire miscast
 10988 | Lair:2   | XOM: harmless Air miscast
 11080 | Lair:2   | Noticed a five-headed hydra
 11085 | Lair:2   | XOM: enchant monster (bad)
 11090 | Lair:2   | XOM: cleaving
 11091 | Lair:2   | XOM: torment (46/78 hp)
 11102 | Lair:2   | XOM: mild Pois miscast
 11108 | Lair:2   | XOM: harmless Hex miscast
 11182 | Lair:2   | Noticed a catoblepas
 11187 | Lair:2   | XOM: 2-stop teleportation journey
 11196 | Lair:2   | XOM: enchant monster (bad)
 11200 | Lair:2   | Killed an eight-headed hydra
 11200 | Lair:2   | XOM: harmless Erth miscast
 11203 | Lair:2   | Killed a ten-headed hydra
 11204 | Lair:2   | Reached XP level 13. HP: 24/82 MP: 1/14
 11249 | Lair:2   | Reached skill level 19 in Long Blades
 11339 | Lair:2   | XOM: divination: magic mapping
 11340 | Lair:2   | XOM: confuse monster(s)
 11353 | Lair:2   | XOM: smoke on damage
 11887 | Lair:2   | XOM: give mutation
 11887 | Lair:2   | Gained mutation: You possess an exceptional clarity of mind. [Xom's grace]
 12104 | Lair:3   | XOM: scenery: create altars
 12112 | Lair:3   | XOM: confuse monster(s)
 12188 | Lair:2   | XOM: god gift: 22 gold pieces
 12241 | Lair:3   | XOM: cloud trail
 12266 | Lair:3   | XOM: blink monster(s)
 12268 | Lair:3   | XOM: harmless Erth miscast
 12367 | Lair:3   | XOM: noise
 12485 | Lair:3   | XOM: harmless Necr miscast
 12723 | Lair:3   | XOM: give mutations
 12723 | Lair:3   | Lost mutation: You do not regenerate when monsters are visible. [Xom's mischief]
 12723 | Lair:3   | Gained mutation: You occasionally shout uncontrollably at your foes. [Xom's mischief]
 12723 | Lair:3   | Lost mutation: You are partially covered in rugged brown scales. (AC +1, +3% HP) [Xom's mischief]
 12826 | Lair:4   | XOM: enchant monster (bad)
 12828 | Lair:4   | Found a staircase to the Snake Pit.
 12890 | Lair:4   | Found a staircase to the Swamp.
 12895 | Lair:4   | Reached skill level 20 in Long Blades
 12903 | Lair:4   | XOM: 2-stop teleportation journey
 13161 | Lair:4   | XOM: give mutations
 13161 | Lair:4   | Gained mutation: You are covered in fur. (AC +1) [Xom's grace]
 13161 | Lair:4   | Gained mutation: You have a pair of horns on your head. [Xom's grace]
 13191 | Lair:4   | Noticed a minotaur
 13191 | Lair:4   | a four-headed hydra changed into a minotaur
 13191 | Lair:4   | XOM: polymorph four-headed hydra -> minotaur
 13201 | Lair:4   | Killed a minotaur
 13354 | Lair:5   | Found a staircase to the Slime Pits.
 13387 | Lair:5   | Reached skill level 5 in Armour
 13391 | Lair:5   | XOM: swap monsters
 13725 | Lair:5   | Found a white marble altar of Elyvilon.
 13795 | Lair:5   | XOM: fake destruction
 13799 | Lair:5   | XOM: summons 13 friendly demons
 13872 | Lair:5   | XOM: give mutations
 13872 | Lair:5   | Gained mutation: You are agile. (Dex +2) [Xom's grace]
 13872 | Lair:5   | Gained mutation: You are robust. (+10% HP) [Xom's grace]
 14074 | Lair:5   | XOM: harmless Tmut miscast
 14157 | Lair:5   | XOM: mild Conj miscast
 14195 | Lair:6   | Entered Level 6 of the Lair of Beasts
 14205 | Lair:6   | XOM: repel stairs
 14208 | Lair:6   | XOM: enchant monster (bad)
 14212 | Lair:6   | XOM: severe Summ miscast
 14212 | Lair:6   | Cast into level 3 of the Abyss (the severe capriciousness of Xom)
 14261 | Abyss:3  | Noticed a starcursed mass
 14263 | Abyss:3  | XOM: harmless Tmut miscast
 14284 | Abyss:3  | Noticed a starcursed mass
 14288 | Abyss:3  | XOM: polymorph large abomination -> death ooze
 14294 | Abyss:3  | Paralysed by accursed screaming for 1 turns
 14297 | Abyss:3  | XOM: noise
 14298 | Abyss:3  | HP: 3/87 [starcursed mass/accursed screaming (8)]
 14300 | Abyss:3  | Slain by a death ooze

Skill      XL: |  1  2  3  4  5  6  7  8  9 10 11 12 13 |
---------------+----------------------------------------+-----
Long Blades    | 4 5 6 7 8 10 12 14 16 18 20 | 20.0
Evocations     | 1 |  1.0
Fighting       | 6 9 |  9.4
Dodging        | 3 6 |  6.0
Armour         | 8 |  8.6

Action                   |  1- 3 |  4- 6 |  7- 9 | 10-12 | 13-15 || total
-------------------------+-------+-------+-------+-------+-------++-------
Melee: Falchion          |    73 |    85 |   323 |   395 |       ||   876
       Peck              |     6 |    14 |    64 |   151 |    75 ||   310
       Kick              |    10 |    28 |    97 |   251 |   106 ||   492
       Triple sword      |       |       |       |   224 |   196 ||   420
       Headbutt          |       |       |       |    29 |    76 ||   105
       Scimitar          |       |       |       |       |    27 ||    27
 Abil: Fly               |       |       |     8 |    10 |     5 ||    23
       Blink             |       |       |       |       |     1 ||     1
Evoke: Wand              |       |     2 |     6 |    26 |     2 ||    36
  Use: Scroll            |       |       |     3 |    25 |     2 ||    30
       Potion            |       |       |     6 |    12 |     2 ||    20
 Stab: Sleeping          |       |     2 |     1 |       |       ||     3
       Paralysed         |       |     1 |     4 |     3 |     3 ||    11
       Confused          |       |       |     4 |     8 |     2 ||    14
       Petrified         |       |       |       |     1 |       ||     1
       Invisible         |       |       |       |     1 |       ||     1
  Eat: Chunk             |       |     5 |    11 |    27 |     7 ||    50
       Fruit             |       |       |       |     2 |     2 ||     4
       Royal jelly       |       |       |       |       |     1 ||     1
Armor: Leather armour    |    23 |    18 |    25 |       |       ||    66
       Scale mail        |       |       |    51 |   277 |   109 ||   437
       Skin              |       |       |       |    46 |       ||    46
Dodge: Dodged            |    51 |    54 |   113 |   298 |   134 ||   650
       Rpst.: Falchion   |    10 |    19 |    37 |    32 |       ||    98
       Triple sword      |       |       |       |    38 |    40 ||    78
